 Dungeon Crawl Stone Soup version 0.24-a0-506-g958ff8eaa0 (webtiles) character file.

Game seed: 14568356906807071965

3801 Ablot the Magician (level 10, -1/77 HPs)
             Began as a Gnoll Skald on July 18, 2019.
             Was a Believer of Okawaru.
             Slain by a killer bee (8 damage)
             ... on level 8 of the Dungeon.
             The game lasted 00:22:37 (6583 turns).

Ablot the Magician (Gnoll Skald)                    Turns: 6583, Time: 00:22:38

Health: -1/77      AC:  7    Str: 16    XL:     10   Next: 17%
Magic:  12/20      EV: 16    Int: 16    God:    Okawaru [**....]
Gold:   374        SH:  5    Dex: 17    Spells: 12/23 levels left

rFire    + . .     SeeInvis .   z - +0 trident
rCold    . . .     Gourm    .   m - +0 buckler
rNeg     . . .     Faith    .   C - +2 leather armour {rF+}
rPois    .         Spirit   .   o - +0 helmet
rElec    .         Reflect  .   x - scarf {cloud immunity}
rCorr    .         Harm     .   (no gloves)
MR       .....                  (no boots)
Stlth    +++.......             l - amulet of magic regeneration
HPRegen  1.22/turn              D - ring of flight
MPRegen  0.42/turn              u - +2 ring of dexterity

@: lethally poisoned (-1 -> -2), shrouded, very slightly contaminated,
regenerating
A: distributed training, fangs 1, strong nose
a: Heroism, Renounce Religion, Evoke Flight


You were on level 8 of the Dungeon.
You worshipped Okawaru.
Okawaru was pleased with you.
You were not hungry.

You visited 2 branches of the dungeon, and saw 9 of its levels.

You collected 374 gold pieces.

Inventory:

Hand Weapons
 z - a +0 trident (weapon)
 E - a +1 short sword of protection
 S - a +3 rapier
Missiles
 g - 290 stones
 j - 123 arrows
 k - 27 bolts
 q - 68 sling bullets
 A - 57 poisoned darts (quivered)
 O - 2 javelins
Armour
 m - a +0 buckler (worn)
 n - a +2 shield
 o - a +0 helmet (worn)
 x - a scarf of cloud immunity (worn)
 C - a +2 leather armour of fire resistance (worn)
 Q - the +7 scale mail of Hedonism {+Fly rElec MR-}
   (You found it on level 7 of the Dungeon)

   It insulates you from electricity.
   It affects your resistance to hostile enchantments.
   It lets you fly.
Jewellery
 l - an amulet of magic regeneration (around neck)
 p - an uncursed ring of ice
 u - a +2 ring of dexterity (right hand)
 v - a +3 amulet of reflection {unknown}
 D - a ring of flight (left hand)
 R - an uncursed ring of magical power {unknown}
Wands
 b - a wand of paralysis (21)
 J - a wand of acid (8)
Scrolls
 a - 3 scrolls of remove curse
 c - a scroll of identify
 e - a scroll of fog
 h - 2 scrolls of immolation
 r - a scroll of magic mapping {unknown}
 t - 6 scrolls of teleportation
 y - 4 scrolls of enchant armour
 F - a scroll of amnesia {unknown}
 G - a scroll of fear {unknown}
 I - 2 scrolls of noise {unknown}
 N - 2 scrolls of enchant weapon {unknown}
Potions
 f - a potion of might
 i - 3 potions of flight
 s - a potion of haste
 w - 2 potions of lignification
 B - 2 potions of ambrosia {unknown}
 H - 3 potions of heal wounds
 L - a potion of curing
 M - a potion of cancellation {unknown}
Comestibles
 d - 9 rations
 P - 5 chunks of flesh


   Skills:
 + Level 6.8 Fighting
 + Level 4.9 Short Blades
 + Level 4.9 Long Blades
 + Level 4.9 Axes
 + Level 4.9 Maces & Flails
 + Level 6.8 Polearms
 + Level 4.9 Staves
 + Level 4.9 Slings
 + Level 4.9 Bows
 + Level 4.9 Crossbows
 + Level 4.9 Throwing
 + Level 5.6 Armour
 + Level 6.8 Dodging
 + Level 4.9 Stealth
 + Level 4.9 Shields
 + Level 4.9 Unarmed Combat
 + Level 7.1 Spellcasting
 + Level 4.1 Conjurations
 + Level 4.1 Hexes
 + Level 6.9 Charms
 + Level 4.1 Summonings
 + Level 4.1 Necromancy
 + Level 4.1 Translocations
 + Level 4.1 Transmutations
 + Level 4.1 Fire Magic
 + Level 4.1 Ice Magic
 + Level 4.1 Air Magic
 + Level 4.1 Earth Magic
 + Level 4.1 Poison Magic
 + Level 5.4 Invocations
 + Level 4.9 Evocations


You had 12 spell levels left.
You knew the following spells:

 Your Spells              Type           Power        Failure   Level  Hunger
a - Infusion              Chrm           ####         1%          1    None
b - Song of Slaying       Chrm           ####....     1%          2    None
c - Shroud of Golubria    Chrm/Tloc      ###...       2%          2    None
d - Regeneration          Chrm/Necr      ###.......   4%          3    ##.....
e - Spectral Weapon       Hex/Chrm       ###.....     4%          3    ##.....

Your spell library contained the following spells:

 Spells                   Type           Power        Failure   Level  Hunger


Dungeon Overview and Level Annotations

Branches:
Dungeon (8/15)             Temple (1/1) D:6
   Lair: D:8-11

Altars:
Ashenzari
Cheibriados
Dithmenos
Elyvilon
Fedhas
Gozag
Hepliaklqana
Kikubaaqudgha
Makhleb
Nemelex Xobeh
Okawaru
Qazlal
Sif Muna
Trog
Uskayaw
Vehumet
Wu Jian
Xom
Yredelemnul
Zin
The Shining One

Shops:
D:7 :}[!}


Innate Abilities, Weirdness & Mutations

Your experience applies equally to all skills.
You have very sharp teeth.
Your uncanny sense of smell can sniff out nearby items.


Message History

You are very lightly contaminated with residual magic.
Strange energies run through your body.
You feel sick. The killer bee barely misses you. x2
Unknown command.
Casting: Regeneration (safe; 4% risk of failure)
Confirm with . or Enter, or press ? or * to list all spells.
Your skin crawls.
You feel sick.
The killer bee stings you but does no damage. x2
Unknown command.
You puncture the killer bee!
You kill the killer bee!
Okawaru accepts your kill.
You feel sick. The killer bee stings you.
* * * LOW HITPOINT WARNING * * *
You are more poisoned.
The killer bee poisons you!
You barely miss the killer bee.
You feel sick.
Your spectral weapon closely misses the killer bee.
The killer bee stings you!
You die...

∆ ∆ #)÷).†.....#(..
#####.)))........ .
###.# ###.......# ...
#)#.# #......##...#
#.#.#####..y..††....#
#..........(...###..#
###......####.##
#.####y# #.# #.####@#
... #...##(./.....
###.######...## #.#
##.## #<# #.# #.# #.#
#.# #)#


You could see a killer bee and a friendly spectral +0 trident.

Vanquished Creatures
  Grinder (D:6)
  Eustachio (D:4)
  2 hungry ghosts (D:7)
  An orc warrior (D:7)
  2 ice beasts
  A sky beast (D:6)
  A necrophage (D:6)
  8 ogres
  3 centaurs
  A big kobold (D:8)
  3 bullfrogs
  A scorpion (D:5)
  3 killer bees (D:8)
  2 howler monkeys
  3 jellies
  4 crimson imps
  A quasit (D:7)
  2 hounds
  10 orc wizards
  3 orc priests
  A gnoll shaman (D:7)
  8 worker ants
  3 hound skeletons
  A howler monkey zombie (D:7)
  A worker ant zombie (D:5)
  9 gnolls
  12 adders
  A shadow imp (D:7)
  2 adder skeletons
  A worm (D:6)
  A dart slug (D:4)
  3 leopard geckos
  31 orcs
  6 giant cockroaches
  6 goblins
  14 hobgoblins
  9 jackals
  16 kobolds
  2 quokkas
  6 bats
  7 frilled lizards
  2 leopard gecko zombies
  4 rats
199 creatures vanquished.

Vanquished Creatures (others)
  4 spectral weapons
4 creatures vanquished.

Grand Total: 203 creatures vanquished

Notes
Turn   | Place    | Note
-------+----------+-------------------------------------------
     0 | D:1      | Ablot the Gnoll Skald began the quest for the Orb.
     0 | D:1      | Reached XP level 1. HP: 20/20 MP: 6/6
   414 | D:1      | Reached XP level 2. HP: 26/26 MP: 0/7
   439 | D:1      | Learned a level 2 spell: Song of Slaying
   442 | D:1      | Learned a level 2 spell: Shroud of Golubria
   620 | D:1      | Reached XP level 3. HP: 28/31 MP: 9/9
   708 | D:1      | Reached skill level 5 in Spellcasting
  1023 | D:2      | Learned a level 3 spell: Regeneration
  1027 | D:2      | Learned a level 3 spell: Spectral Weapon
  1042 | D:2      | Reached skill level 1 in Invocations
  1241 | D:2      | Reached skill level 1 in Short Blades
  1241 | D:2      | Reached skill level 1 in Long Blades
  1241 | D:2      | Reached skill level 1 in Axes
  1241 | D:2      | Reached skill level 1 in Maces & Flails
  1241 | D:2      | Reached skill level 1 in Staves
  1241 | D:2      | Reached skill level 1 in Slings
  1241 | D:2      | Reached skill level 1 in Bows
  1241 | D:2      | Reached skill level 1 in Crossbows
  1241 | D:2      | Reached skill level 1 in Throwing
  1241 | D:2      | Reached skill level 1 in Stealth
  1241 | D:2      | Reached skill level 1 in Shields
  1241 | D:2      | Reached skill level 1 in Unarmed Combat
  1241 | D:2      | Reached skill level 1 in Evocations
  1241 | D:2      | Reached XP level 4. HP: 31/38 MP: 0/11
  1365 | D:2      | Found a burning altar of Makhleb.
  1488 | D:2      | Reached skill level 1 in Conjurations
  1488 | D:2      | Reached skill level 1 in Hexes
  1488 | D:2      | Reached skill level 1 in Summonings
  1488 | D:2      | Reached skill level 1 in Necromancy
  1488 | D:2      | Reached skill level 1 in Translocations
  1488 | D:2      | Reached skill level 1 in Transmutations
  1488 | D:2      | Reached skill level 1 in Fire Magic
  1488 | D:2      | Reached skill level 1 in Ice Magic
  1488 | D:2      | Reached skill level 1 in Air Magic
  1488 | D:2      | Reached skill level 1 in Earth Magic
  1488 | D:2      | Reached skill level 1 in Poison Magic
  1573 | D:2      | You fall into a shaft and drop 1 floor!
  1996 | D:3      | Reached XP level 5. HP: 43/43 MP: 12/12
  2800 | D:4      | Noticed an ogre
  2804 | D:4      | Killed an ogre
  2804 | D:4      | Reached XP level 6. HP: 45/50 MP: 13/13
  2880 | D:4      | Reached skill level 5 in Fighting
  2880 | D:4      | Reached skill level 5 in Polearms
  2880 | D:4      | Reached skill level 5 in Dodging
  2935 | D:4      | Noticed an air elemental
  2948 | D:4      | Found a stormy altar of Qazlal.
  2949 | D:4      | Noticed a water elemental
  2949 | D:4      | Noticed a fire elemental
  3558 | D:5      | Entered Level 5 of the Dungeon
  3564 | D:5      | Noticed Eustachio
  3593 | D:4      | Killed Eustachio
  3593 | D:4      | Reached XP level 7. HP: 36/56 MP: 15/15
  3906 | D:5      | Reached XP level 8. HP: 63/63 MP: 16/16
  4007 | D:5      | Found a shimmering altar of Xom.
  4325 | D:5      | Reached skill level 6 in Spellcasting
  4823 | D:6      | Noticed Grinder
  4915 | D:6      | Found a staircase to the Ecumenical Temple.
  4924 | Temple   | Entered the Ecumenical Temple
  4968 | Temple   | Became a worshipper of Warmaster Okawaru
  5213 | D:6      | Reached XP level 9. HP: 65/69 MP: 18/18
  5490 | D:6      | Reached * piety under Okawaru
  5658 | D:6      | Paralysed by Grinder for 7 turns
  5667 | D:6      | Killed Grinder
  5667 | D:6      | Reached skill level 5 in Armour
  5750 | D:7      | Found Wytur's Antique Armour Emporium.
  5776 | D:7      | Found Ileoqe's Distillery.
  5827 | D:7      | Got an encrusted scale mail
  5841 | D:7      | Identified the +7 scale mail of Hedonism {+Fly rElec MR-}
                  | (You found it on level 7 of the Dungeon)
  5851 | D:7      | Found Cumawat's Gadget Boutique.
  6027 | D:7      | Reached skill level 5 in Invocations
  6054 | D:7      | Reached ** piety under Okawaru
  6184 | D:7      | Reached XP level 10. HP: 77/77 MP: 20/20
  6192 | D:7      | Found Cuisojep's Gadget Boutique.
  6260 | D:7      | Found Zosalote's Book Shop.
  6356 | D:7      | Reached skill level 7 in Spellcasting
  6583 | D:8      | Slain by a killer bee

Levels and vault maps discovered:
D:1:      lemuel_arrival_room, layout_basic, fountainhead
D:2:      layout_loops_ring, chequers_serial_rivers_marsh,
          minmay_misc_feat_ornament, lemuel_altar_in_water
D:3:      layout_loops_corners, hangedman_decor_growths,
          minmay_misc_feat_nine_boxes
D:4:      layout_basic, nicolae_qazlal_style_of_elements
D:5:      layout_basic, first_ration, tgw_xom, uniq_eustachio
D:6:      layout_basic, lemuel_temple_firewalk_b, corexii_corridor_pit,
          minmay_alternating_orb, uniq_grinder
D:7:      layout_cave_pools, serial_shops, shop,
          nicolae_shop_overgrown_old_shop, shop, kennysheep_mini_moat,
          kennysheep_little_box
D:8:      layout_loops_ring, serial_shops, shop, grunt_ogre_cave,
          minmay_misc_feat_room
Temple:   grunt_wide_crystal_templ

Skill      XL: |  1  2  3  4  5  6  7  8  9 10 |
---------------+-------------------------------+-----
Spellcasting   | 5 6 7 |  7.1
Invocations    | 1 2 3 4 5 |  5.4
Short Blades   | 1 2 3 4 |  4.9
Long Blades    | 1 2 3 4 |  4.9
Axes           | 1 2 3 4 |  4.9
Maces & Flails | 1 2 3 4 |  4.9
Staves         | 1 2 3 4 |  4.9
Slings         | 1 2 3 4 |  4.9
Bows           | 1 2 3 4 |  4.9
Crossbows      | 1 2 3 4 |  4.9
Throwing       | 1 2 3 4 |  4.9
Stealth        | 1 2 3 4 |  4.9
Shields        | 1 2 3 4 |  4.9
Unarmed Combat | 1 2 3 4 |  4.9
Evocations     | 1 2 3 4 |  4.9
Conjurations   | 1 2 3 4 |  4.1
Hexes          | 1 2 3 4 |  4.1
Summonings     | 1 2 3 4 |  4.1
Necromancy     | 1 2 3 4 |  4.1
Translocations | 1 2 3 4 |  4.1
Transmutations | 1 2 3 4 |  4.1
Fire Magic     | 1 2 3 4 |  4.1
Ice Magic      | 1 2 3 4 |  4.1
Air Magic      | 1 2 3 4 |  4.1
Earth Magic    | 1 2 3 4 |  4.1
Poison Magic   | 1 2 3 4 |  4.1
Armour         | 3 4 5 |  5.6
Fighting       | 5 6 |  6.8
Polearms       | 5 6 |  6.8
Dodging        | 5 6 |  6.8
Charms         | 6 |  6.9

Action                   |  1- 3 |  4- 6 |  7- 9 | 10-12 || total
-------------------------+-------+-------+-------+-------++-------
Melee: Spear             |   138 |   154 |       |       ||   292
       Bite              |    12 |    14 |    51 |     9 ||    86
       Punch             |       |     1 |     3 |       ||     4
       Trident           |       |    33 |   375 |    78 ||   486
 Cast: Infusion          |     3 |     1 |     2 |       ||     6
       Regeneration      |     2 |     3 |    16 |     2 ||    23
       Shroud of Golubri |     1 |    10 |    26 |     3 ||    40
       Song of Slaying   |     1 |     3 |     6 |     1 ||    11
       Spectral Weapon   |       |     6 |    26 |     3 ||    35
  Use: Scroll            |       |    10 |     6 |       ||    16
 Stab: Sleeping          |     2 |     6 |     5 |       ||    13
       Distracted        |       |       |     2 |       ||     2
  Eat: Chunk             |     1 |     7 |    11 |     3 ||    22
       Ration            |       |     1 |       |       ||     1
Armor: Leather armour    |    17 |    23 |    58 |    19 ||   117
Dodge: Dodged            |    80 |    93 |   218 |    37 ||   428
Block: Buckler           |       |       |     8 |    22 ||    30

Table legend:
 A = Non-vault XP
 B = Vault XP
 C = Vault XP percentage of total XP
 D = Non-vault monster count
 E = Vault monster count
 F = Vault count percentage of total count
                 A         B        C        D         E       F
            +---------+---------+-------+---------+---------+-------
      Total |    4174 |    1256 |  23.1 |     179 |      20 |  10.1
            +---------+---------+-------+---------+---------+-------
        D:1 |      44 |       0 |   0.0 |      24 |       0 |   0.0
        D:2 |     107 |       0 |   0.0 |      13 |       0 |   0.0
        D:3 |      84 |       0 |   0.0 |      30 |       0 |   0.0
        D:4 |     364 |     202 |  35.7 |      16 |       1 |   5.9
        D:5 |     786 |      20 |   2.5 |      31 |       5 |  13.9
        D:6 |     982 |     913 |  48.2 |      20 |      13 |  39.4
        D:7 |    1278 |       0 |   0.0 |      31 |       0 |   0.0
        D:8 |     529 |     121 |  18.6 |      14 |       1 |   6.7
            +---------+---------+-------+---------+---------+-------
